AoeStats
← SSx pankeRs

Nomad

509179385Analyzed
2v2 RM · 7d ago on Sep 25, 2026· 36m 46s· 4 players
Game mode
Random Map
Map size
176×176
Population
200
Speed
Normal
Resources
Standard
Victory
Conquest
Starting age
Dark Age
Ending age
Imperial Age
RankedLock teamsTeams togetherTeam positionsShared explorationLock speedFull tech treeHidden civsTurbo modeCheats
Victory
Defeat
🇩🇪 Ethiopians · Germany
1497
+15
🇧🇷 Gurjaras · Brazil
1399
+19
🇺🇸 Lithuanians · United States
1503
-18
🇨🇦 Romans · Canada
1438
-16
[FORD]DarkHorse
5:18 Loom
8:12 Loom
12:39 Feudal Age
16:18 Castle Age
15:21 Fletching
18:00 Medium Warships
25:17 Forging
32:31 Iron Casting
Florida Man
9:05 Loom
13:43 Feudal Age
14:18 Town Watch
14:47 Fishing Lines
19:42 Castle Age
29:45 Gillnets
31:32 Double-Bit Axe
33:03 Scale Barding Armor
33:10 Bloodlines
34:48 Chain Barding Armor
36:33 Forging
SSx pankeRs
3:49 Loom
13:25 Feudal Age
18:17 Castle Age
17:08 Double-Bit Axe
19:23 Medium Warships
21:17 Horse Collar
28:37 Fletching
36:26 Imperial Age
34:20 Forging
34:11 Scale Mail Armor
35:52 Scale Barding Armor
36:13 Bloodlines
36:31 Husbandry
37:15 Iron Casting
PanicWaller
7:12 Loom
12:13 Feudal Age
17:29 Castle Age
15:50 Fletching
17:39 Crossbowman
18:21 Bodkin Arrow
20:45 Double-Bit Axe
25:45 Ballistics
29:55 Imperial Age
28:01 Padded Archer Armor
27:51 Fishing Lines
29:40 Thumb Ring
32:09 Chemistry
31:53 Bow Saw
33:02 Bracer
34:15 Arbalester
Connection lost

Rejoining the realm…

Still unreachable

The connection could not be restored.

Session expired

The server has moved on; the page needs a fresh start.